 Dungeon Crawl Stone Soup version 0.30-a0-12-gd8047c6341 (webtiles) character file.

Game seed: 1424369399450834412

311 jt the Magician (level 6, -1/35 HPs)
             Began as a Kobold Hedge Wizard on Aug 23, 2022.
             Was a Believer of Nemelex Xobeh.
             Killed from afar by an orc wizard (11 damage)
             ... with a magic dart
             ... on level 4 of the Dungeon.
             The game lasted 00:08:07 (4133 turns).

jt the Magician (Kobold Hedge Wizard)               Turns: 4133, Time: 00:08:07

Health: -1/35      AC:  2    Str:  9    XL:     6   Next: 70%
Magic:  10/12      EV: 15    Int: 17    God:    Nemelex Xobeh [**....]
Gold:   174        SH:  0    Dex: 15    Spells: 5/13 levels left

rFire   . . .      SeeInvis .    a - +7 short sword of Calamity {drain, Will+ Str+2}
rCold   . . .      Faith    .    (no shield)
rNeg    . . .      Spirit   .    b - +0 robe
rPois   .          Reflect  .    c - +0 hat
rElec   .          Harm     .    (no cloak)
rCorr   .          Rampage  .    (no gloves)
Will    +....                    (no boots)
Stlth   +++.......               (no amulet)
HPRegen 0.11/turn                r - ring of wizardry
MPRegen 0.13/turn                (no ring)

@: no status effects
A: small, no large weapons, nightstalker 3
a: Renounce Religion, Draw Escape, Draw Destruction, Draw Summoning


You were on level 4 of the Dungeon.
You worshipped Nemelex Xobeh.
Nemelex Xobeh was pleased with you.
You visited 2 branches of the dungeon, and saw 5 of its levels.

You collected 202 gold pieces.
You spent 28 gold pieces at shops.

Inventory:

Hand Weapons
 a - the +7 short sword of Calamity (weapon) {drain, Will+ Str+2}
   (You found it on level 2 of the Dungeon)

   A truly terrible weapon, it drains the life of any living foe it strikes.
   Str:       It affects your strength (+2).
   Will:      It increases your willpower.
 f - a +0 sling
 l - a +0 whip
 n - a +0 dagger
 o - a +0 trident
 t - a +0 war axe
Missiles
 h - 41 stones
 v - 7 poisoned darts
Armour
 b - a +0 robe (worn)
 c - a +0 hat (worn)
 e - a +0 chain mail
Magical Staves
 j - a staff of air
Jewellery
 r - a ring of wizardry (left hand)
Wands
 u - a wand of iceblast (6)
 B - a wand of charming (12)
Scrolls
 k - a scroll of immolation
 m - a scroll of teleportation {unknown}
 p - a scroll of blinking {unknown}
 q - 2 scrolls of enchant armour
 s - a scroll of identify
 w - a scroll of poison {unknown}
 y - 2 scrolls of amnesia {unknown}
Potions
 d - a potion of magic
 g - a potion of berserk rage {unknown}
 i - 2 potions of flight {unknown}
 x - a potion of invisibility {unknown}
 z - a potion of attraction {unknown}
 A - a potion of might {unknown}


   Skills:
 + Level 1.8 Fighting
 + Level 2.2 Short Blades
 - Level 2.4 Dodging
 - Level 2.6 Stealth
 + Level 4.1 Spellcasting
 + Level 2.6 Conjurations
 - Level 1.3 Summonings
 - Level 2.0 Translocations
 + Level 1.6 Air Magic
 + Level 1.6 Poison Magic
 + Level 2.1 Invocations


You had 5 spell levels left.
You knew the following spells:

 Your Spells              Type           Power      Damage    Failure   Level
a - Magic Dart            Conj           48%        1d5       2%          1
b - Blink                 Tloc           20%        N/A       4%          2
c - Call Imp              Summ           8%         N/A       6%          2
d - Mephitic Cloud        Conj/Pois/Air  10%        N/A       9%          3

Your spell library contained the following spells:

 Spells                   Type           Power      Damage    Failure   Level
 Beastly Appendage        Tmut           6%         N/A       6%          1
 Slow                     Hex            12%        N/A       6%          1
 Wereblood                Tmut           3%         N/A       10%         2
 Conjure Flame            Conj/Fire      8%         6-21      11%         3
 Spider Form              Tmut/Pois      6%         N/A       13%         3


Dungeon Overview and Level Annotations

Branches:
Dungeon (4/15)             Temple (1/1) D:4

Altars:
Elyvilon
Gozag
Kikubaaqudgha
Nemelex Xobeh
Okawaru
Xom
Zin

Shops:
D:3 *


Innate Abilities, Weirdness & Mutations

You are small and have problems with some larger weapons.
You are completely attuned to the shadows.


Message History

The orc misses you.
The orc warrior misses the orc.
The orc warrior hits itself with a +0 dire flail.
The orc wizard gestures wildly while chanting.
The orc wizard flickers and vanishes!
Deactivating autopickup; reactivate with Ctrl-A.
You hit the orc warrior.
The orc warrior is almost dead.
The orc closely misses you.
You hit the orc warrior but do no damage.
The orc warrior is almost dead.
The orc barely misses you. The orc warrior barely misses you.
You hit the orc warrior but do no damage.
The orc warrior is almost dead.
The orc hits you with a +0 whip.
The orc warrior misses something.
You hit the orc warrior.
You kill the orc warrior!
The orc hits you with a +0 whip.
You hear some strange, mumbled words.
A puff of flame appears from out of thin air!
The puff of flame misses you.
Your Short Blades skill increases to level 2!
Your Invocations skill increases to level 2!
You draw a card...
You have drawn the Illusion.
Suddenly you stand beside yourself. The orc closely misses you.
You closely miss the orc. The orc closely misses you. Something hits you.
Jt's illusion mumbles some strange words.
Jt's illusion blinks!
You puncture the orc!
You kill the orc!
Something hits you.
You miss something. Something hits you.
* * * LOW HITPOINT WARNING * * *
You miss something. Something hits you but does no damage.
Jt's illusion hits something.
You hit something.
You hear some strange, mumbled words.
A magic dart appears from out of thin air!
The magic dart hits you!
You die...
Your body disappears without a glow.

#+#####..###..##..##
##..####..###..###+##
#...#......#........#
#...#......#........#
#...'....<.#........'
#...#......#........#
##..##....##........#
##..##(...########..#
#...@{@... #...#
#....)... #....
##...#.## ##..#
####### ####


You could see the friendly jt's illusion (summoned).

Vanquished Creatures
  An orc warrior (D:4)
  A scorpion (D:3)
  4 adders
  A gnoll (D:3)
  A worm (D:2)
  2 dart slugs
  6 orcs
  6 ball pythons
  A bat zombie (D:3)
  9 endoplasms
  2 giant cockroaches
  3 goblins
  3 hobgoblins (D:2)
  3 jackals (D:2)
  2 quokkas
  4 bats
  6 frilled lizards
  7 kobolds
  6 rats
  2 rat zombies (D:3)
70 creatures vanquished.

Vanquished Creatures (collateral kills)
  An orc priest (D:4)
  An orc (D:4)
2 creatures vanquished.

Grand Total: 72 creatures vanquished

Notes
Turn   | Place    | Note
-------+----------+-------------------------------------------
     0 | D:1      | jt the Kobold Hedge Wizard began the quest for the Orb.
     0 | D:1      | Reached XP level 1. HP: 10/10 MP: 4/4
   316 | D:1      | Reached XP level 2. HP: 15/15 MP: 4/6
   424 | D:1      | Noticed a great orb of eyes
   425 | D:1      | Noticed a floating eye
   434 | D:1      | Found a faded altar of an unknown god.
   434 | D:1      | Noticed a floating eye
   437 | D:1      | Noticed a great orb of eyes
   439 | D:1      | Prayed at the altar of an unknown god.
   439 | D:1      | Became a worshipper of Nemelex Xobeh the Trickster
   439 | D:1      | Reached * piety under Nemelex Xobeh
   439 | D:1      | Received a gift from Nemelex Xobeh
  1081 | D:2      | Learned a level 2 spell: Blink
  1084 | D:2      | Learned a level 2 spell: Call Imp
  1176 | D:2      | Reached XP level 3. HP: 7/19 MP: 2/8
  1588 | D:2      | Identified the +7 short sword of Calamity {drain, Will+
                  | Str+2}
  1676 | D:2      | Reached skill level 1 in Invocations
  2195 | D:3      | Reached XP level 4. HP: 24/24 MP: 9/9
  2199 | D:3      | Learned a level 3 spell: Mephitic Cloud
  2295 | D:3      | Found Muus's General Store.
  2300 | D:3      | Bought a scroll of identify for 28 gold pieces
  2308 | D:3      | Noticed a scorpion
  2316 | D:3      | Killed a scorpion
  2317 | D:3      | Reached skill level 1 in Fighting
  2317 | D:3      | Reached skill level 1 in Short Blades
  2317 | D:3      | Reached XP level 5. HP: 24/29 MP: 7/10
  2408 | D:3      | Reached ** piety under Nemelex Xobeh
  2791 | D:3      | Reached skill level 1 in Poison Magic
  2798 | D:3      | Reached skill level 1 in Air Magic
  3245 | D:3      | Found an ancient bone altar of Kikubaaqudgha.
  3426 | D:4      | Found an opulent altar of Gozag.
  3426 | D:4      | Found a sparkling altar of Nemelex Xobeh.
  3607 | D:4      | Reached skill level 4 in Spellcasting
  3607 | D:4      | Reached XP level 6. HP: 20/34 MP: 10/12
  3986 | D:4      | Found a staircase to the Ecumenical Temple.
  3992 | Temple   | Entered the Ecumenical Temple
  4117 | D:4      | Noticed an orc warrior
  4127 | D:4      | Killed an orc warrior
  4133 | D:4      | Killed from afar by an orc wizard

Illustrated notes

Levels and vault maps discovered:
D:1:      dpeg_arrival_boxes_within_box, layout_basic,
          hellmonk_ecumenical_altar_watching_god
D:2:      layout_basic, st_stairs_2
D:3:      layout_basic, lemuel_zombie_altar_kikubaaqudgha, serial_shops,
          nicolae_shop_statue_plus
D:4:      layout_gridville, grunt_temple_overflow_opulence,
          minmay_temple_entry_poolview
Temple:   nicolae_temple_ecumenical_triangle

Skill      XL: |  1  2  3  4  5  6 |
---------------+-------------------+-----
Invocations    | 1 2 |  2.1
Translocations | 2 |  2.0
Fighting       | 1 |  1.8
Short Blades   | 1 2 |  2.2
Conjurations   | 2 |  2.6
Poison Magic   | 1 |  1.6
Air Magic      | 1 |  1.6
Spellcasting   | 4 |  4.1
Dodging        | |  2.4
Stealth        | |  2.6
Summonings     | |  1.3

Action                   |  1- 3 |  4- 6 || total
-------------------------+-------+-------++-------
Melee: Dagger            |    42 |       ||    42
       Short sword       |    16 |    71 ||    87
Throw: Dart              |       |     2 ||     2
 Cast: Magic Dart        |    18 |     6 ||    24
       Blink             |     1 |     1 ||     2
       Mephitic Cloud    |       |     1 ||     1
Invok: Draw Escape       |     1 |       ||     1
       Draw Summoning    |       |     2 ||     2
       Draw Destruction  |       |     1 ||     1
  Use: Potion            |     1 |       ||     1
       Scroll            |       |     2 ||     2
 Stab: Sleeping          |    13 |     6 ||    19
       Distracted        |     1 |       ||     1
       Confused          |       |     1 ||     1
Armor: Robe              |     4 |     5 ||     9
Dodge: Dodged            |    35 |    40 ||    75

Table legend: (Time is in decaauts)
 A = Elapsed time spent in this place.
 B = Non-inter-level travel time spent in this place.
 C = Inter-level travel time spent in this place.
 D = Time resting spent in this place.
 E = Time spent auto-exploring this place.
 F = Levels seen in this place.
 G = Mean time per level.
                   A        B        C        D        E       F      G
               +--------+--------+--------+--------+--------+-----+--------+
         Total |   4136 |   4106 |     30 |    842 |   2464 |   5 |  827.2 |
       Dungeon |   4118 |   4088 |     30 |    842 |   2464 |   4 | 1029.5 |
        Temple |     17 |     17 |      0 |      0 |      0 |   1 |   17.0 |
               +--------+--------+--------+--------+--------+-----+--------+

Top non-repeatable levels by time:
     D:3: 1322 daAuts
     D:1: 1288 daAuts
     D:2: 807 daAuts
     D:4: 700 daAuts
  Temple: 17 daAuts
